 Dungeon Crawl Stone Soup version 0.28-a0-519-gbfeecf2fc5 (webtiles) character file.

Game seed: 14469431850987956963

54378 robertstho the Fighter (level 14, 0/132 HPs)
             Began as a White Draconian Berserker on Sept 23, 2021.
             Was an Elder of Trog.
             Killed from afar by a lindwurm (25 damage)
             ... with a blast of flame
             ... on level 6 of the Lair of Beasts.
             The game lasted 00:32:04 (22941 turns).

robertstho the Fighter (White Draconian Berserker) Turns: 22941, Time: 00:32:06

Health: 0/132      AC: 10    Str: 24    XL:     14   Next: 34%
Magic:  0/14       EV: 19    Int:  8    God:    Trog [****..]
Gold:   968        SH:  8    Dex: 17    Spells: 13/13 levels left

rFire   . . .      SeeInvis .   D - +1 eveningstar (freeze)
rCold   + . .      Faith    .   o - +2 buckler
rNeg    . . .      Spirit   +   (armour unavailable)
rPois   .          Reflect  .   (helmet restricted)
rElec   .          Harm     .   e - +0 cloak
rCorr   +          Rampage  .   (no gloves)
Will    +....                   y - +0 pair of boots
Stlth   ++++......              v - amulet of guardian spirit
HPRegen 0.32/turn               c - +6 ring of dexterity
MPRegen 0.14/turn               g - ring of resist corrosion

@: flying, hasted, very quick
A: breathe frost, AC +8, unfitting armour, cold resistance 1, cold-blooded,
camouflage 1
a: Breathe Frost, Renounce Religion, Berserk, Trog's Hand, Brothers in Arms


You were on level 6 of the Lair of Beasts.
You worshipped Trog.
Trog was greatly pleased with you.
You visited 2 branches of the dungeon, and saw 17 of its levels.

You collected 968 gold pieces.

Inventory:

Hand Weapons
 a - a +0 hand axe
 p - a +0 war axe
 D - a +1 eveningstar of freezing (weapon)
 G - a +0 broad axe
Missiles
 j - 6 throwing nets (quivered)
Armour
 e - a +0 cloak (worn)
 o - a +2 buckler (worn)
 y - a +0 pair of boots (worn)
Jewellery
 c - a +6 ring of dexterity (left hand)
 g - a ring of resist corrosion (right hand)
 u - a ring of protection from cold
 v - an amulet of guardian spirit (around neck)
 w - a +6 ring of dexterity
 H - a ring of positive energy
Wands
 n - a wand of acid (3)
 q - a wand of polymorph (31)
 r - a wand of paralysis (15)
 x - a wand of flame (7)
 B - a wand of digging (11)
 I - a wand of iceblast (11)
 K - a wand of charming (4)
Scrolls
 d - 3 scrolls of magic mapping
 f - 4 scrolls of teleportation
 i - 2 scrolls of enchant weapon
 k - 2 scrolls of torment
 l - 5 scrolls of enchant armour
 t - 2 scrolls of immolation
 z - a scroll of fog
 A - a scroll of silence
 C - a scroll of fear
 L - a scroll of identify
 M - a scroll of holy word
Potions
 b - 2 potions of mutation
 h - a potion of ambrosia
 m - a potion of might
 s - 3 potions of attraction
 E - 4 potions of lignification
 J - a potion of haste
 N - a potion of cancellation {unknown}
 O - 2 potions of flight
Miscellaneous
 F - a phantom mirror


   Skills:
 * Level 14.3 Fighting
 + Level 11.7(13.6) Axes
 + Level 11.2(13.3) Maces & Flails
 * Level 12.1 Dodging
 + Level 5.6 Stealth
 + Level 6.9 Shields
 + Level 1.0 Evocations


You had 13 spell levels left.
You didn't know any spells.
Your spell library was empty.

Dungeon Overview and Level Annotations

Branches:
Dungeon (11/15)            Temple (0/1) D:7            Lair (6/6) D:8
  Swamp (0/4) Lair:2        Snake (0/4) Lair:2        Slime (0/5) Lair:5
    Orc (0/2) D:11

Altars:
Ashenzari
Makhleb
Xom

Annotations:
Lair:6 exclusion: oklob plant


Innate Abilities, Weirdness & Mutations

You can breathe waves of freezing cold which knock back foes.
Your icy white scales are hard. (AC +8)
You cannot fit into any form of body armour.
Your flesh is cold resistant. (rC+)
You are cold-blooded and may be slowed by cold attacks.
Your skin changes colour to match your surroundings (Stealth+).


Message History

You bludgeon the fungus!!
The fungus begins to die.
You freeze the fungus. You tail-slap the fungus.
The fungus is lightly damaged.
You feel yourself speed up. The elephant closely misses you.
You block the elephant's attack.
Found 18 stones.
A yak comes into view.
The yak bellows!
You hear a bellow!
A catoblepas comes into view.
A nearby fungus withers and dies.
A yak comes into view.
You recover from your berserk rage.
Found a ring of resist corrosion.
Your extra speed is starting to run out.
The elephant trumpets!
You hear a shout!
You hear a loud, deep croak!
The rime drake breathes ice at you. The flash freeze misses you.
You feel yourself slow down.
Found 12 stones.
Found a scroll of enchant weapon.
The rime drake breathes ice at you. The flash freeze hits you!!
You partially resist.
* * * LOW HITPOINT WARNING * * *
You are encased in ice.
A lindwurm comes into view.
The lindwurm roars!
Found a quarterstaff.
The ice encasing you melts away.
It was a potion of flight.
You feel very buoyant.
You fly up into the air.
You feel yourself speed up. The lindwurm breathes flames at you.
The blast of flame hits you!
* * * LOW HITPOINT WARNING * * *
You see here 12 stones.
A death yak comes into view.
The lindwurm breathes flames at you. The blast of flame hits you!!
You die...

#### ..## ##@.# ......#
##.#.# ........##
###.##..# #.#.#..#.#
#).## #...
#.......###k.### ....
##.......##.h...# ..#P..
#......?..kY...#....#.Y.
#..........P.......## ..
#.....(...##....##


You could see a death yak (asleep), an elephant, a lindwurm (catching breath), a
rime drake and a wolf.

Vanquished Creatures
  A fire dragon (D:11)
  A yaktaur captain (D:11)
  Harold (D:11)
  7 hydras
  A boulder beetle (Lair:6)
  A two-headed ogre (D:11)
  8 death yaks (Lair:5)
  Urug (D:10)
  Nergalle (D:11)
  A sea snake (Lair:6)
  2 bog bodies (Lair:2)
  A lindwurm (Lair:5)
  An oklob plant (Lair:5)
  A cyclops (D:11)
  6 elephants
  A smoke demon (D:10)
  2 black mambas
  12 cane toads
  Psyche (D:10)
  4 rime drakes
  14 komodo dragons
  A meliai (D:11)
  4 polar bears
  A troll (D:10)
  2 hornets
  5 dream sheep (Lair:5)
  8 blink frogs
  2 shadows (D:10)
  A wraith (D:8)
  49 yaks
  5 wyverns
  4 basilisks
  4 vampire mosquitoes (D:11)
  3 acid dragons
  7 water moccasins
  2 nagas (Lair:2)
  2 orc warriors (D:9)
  A swamp drake (Lair:4)
  2 black bears
  An ice beast (D:6)
  A necrophage (D:6)
  A sky beast (D:8)
  2 ogres
  6 wolves
  12 centaurs
  A kobold brigand (D:11)
  A gnoll sergeant (D:8)
  9 bullfrogs
  A water moccasin zombie (D:6)
  3 scorpions
  A water moccasin skeleton (D:5)
  10 killer bees
  9 wights
  2 electric eels (Lair:4)
  3 howler monkeys
  4 centaur zombies
  4 orc priests
  2 hounds
  A gnoll shaman (D:8)
  Jessica (D:2)
  11 iguanas
  14 orc wizards
  A hound skeleton (D:5)
  14 gnolls
  6 adders
  A howler monkey skeleton (D:5)
  An ufetubus (D:3)
  4 dart slugs
  24 orcs
  5 endoplasms
  5 giant cockroaches
  6 goblins
  4 hobgoblins
  4 quokkas
  4 ball pythons
  15 frilled lizards
  13 kobolds
  5 rats
383 creatures vanquished.

Vanquished Creatures (collateral kills)
  Rupert (Lair:4)
  A hydra (Lair:3)
  3 death yaks (Lair:5)
  4 elephants
  A torpor snail (Lair:5)
  A yaktaur (D:10)
  A snapping turtle (Lair:6)
  4 yaks (D:10)
  A steam dragon (Lair:6)
  A water moccasin (Lair:4)
  7 wolves
  An orc priest (D:10)
  An orc wizard (D:10)
27 creatures vanquished.

Vanquished Creatures (others)
  2 iguanas (Lair:4)
  5 frilled lizards (Lair:4)
  43 fungi
  50 plants
100 creatures vanquished.

Grand Total: 510 creatures vanquished

Notes
Turn   | Place    | Note
-------+----------+-------------------------------------------
     0 | D:1      | robertstho the Draconian Berserker began the quest for the
                  | Orb.
     0 | D:1      | Reached XP level 1. HP: 19/19 MP: 1/1
   387 | D:1      | Reached XP level 2. HP: 26/26 MP: 2/2
   722 | D:1      | Found a faded altar of an unknown god.
  1247 | D:2      | Reached XP level 3. HP: 29/33 MP: 3/3
  1286 | D:2      | Reached ** piety under Trog
  1305 | D:2      | Reached skill level 4 in Fighting
  1726 | D:2      | Reached XP level 4. HP: 39/40 MP: 4/4
  1977 | D:2      | Noticed Jessica
  1988 | D:2      | Killed Jessica
  2424 | D:2      | Reached XP level 5. HP: 44/47 MP: 5/5
  3504 | D:4      | Reached skill level 5 in Fighting
  3504 | D:4      | Reached XP level 6. HP: 12/56 MP: 6/6
  4047 | D:4      | Reached skill level 1 in Stealth
  4706 | D:5      | Entered Level 5 of the Dungeon
  4718 | D:5      | Reached skill level 5 in Axes
  4718 | D:5      | Reached skill level 1 in Shields
  4744 | D:5      | Your scales start taking on an icy white colour.
  4744 | D:5      | Reached XP level 7. HP: 49/61 MP: 7/7
  4744 | D:5      | Gained mutation: Your flesh is cold resistant. (rC+) [White
                  | Draconian growth]
  4835 | D:5      | Reached *** piety under Trog
  5162 | D:5      | Reached skill level 5 in Dodging
  5838 | D:6      | Reached skill level 6 in Fighting
  5838 | D:6      | Reached XP level 8. HP: 62/70 MP: 8/8
  6716 | D:7      | Noticed a hornet
  6731 | D:7      | Killed a hornet
  7464 | D:7      | Found a staircase to the Ecumenical Temple.
  7579 | D:7      | Reached skill level 7 in Fighting
  7600 | D:7      | Reached XP level 9. HP: 77/79 MP: 9/9
  8422 | D:8      | Found a staircase to the Lair.
  9818 | D:8      | Reached skill level 8 in Fighting
  9974 | D:9      | Reached **** piety under Trog
  9993 | D:9      | Reached XP level 10. HP: 36/90 MP: 10/10
 10833 | D:10     | Entered Level 10 of the Dungeon
 10839 | D:10     | Found a burning altar of Makhleb.
 10839 | D:10     | Noticed a smoke demon
 10855 | D:10     | Killed a smoke demon
 11051 | D:10     | Reached skill level 9 in Fighting
 11137 | D:10     | Noticed Psyche
 11163 | D:10     | Killed Psyche
 11475 | D:10     | Noticed Urug
 11492 | D:10     | Killed Urug
 11808 | D:10     | Found a shimmering altar of Xom.
 11819 | D:10     | Reached skill level 10 in Axes
 11960 | D:10     | Found a broken altar of Ashenzari.
 11968 | D:10     | Reached XP level 11. HP: 99/99 MP: 11/11
 12352 | D:11     | Noticed Nergalle
 12369 | D:11     | Killed Nergalle
 12370 | D:11     | Reached skill level 10 in Fighting
 12605 | D:11     | Noticed a two-headed ogre
 12615 | D:11     | Killed a two-headed ogre
 12901 | D:11     | Noticed Harold
 12909 | D:11     | Killed Harold
 13543 | D:11     | Reached skill level 5 in Shields
 13651 | D:11     | Found a staircase to the Orcish Mines.
 13745 | D:11     | Noticed a fire dragon
 13745 | D:11     | Noticed a hell knight
 13748 | D:11     | Noticed a yaktaur captain
 13843 | D:11     | Killed a yaktaur captain
 13848 | D:11     | Killed a fire dragon
 13849 | D:11     | Reached skill level 10 in Dodging
 14213 | Lair:1   | Entered Level 1 of the Lair of Beasts
 14241 | Lair:1   | Noticed a five-headed hydra
 14242 | Lair:1   | Reached skill level 11 in Fighting
 14249 | Lair:1   | Killed a five-headed hydra
 14589 | Lair:1   | Reached skill level 1 in Maces & Flails
 15534 | Lair:2   | Reached XP level 12. HP: 61/110 MP: 12/12
 15914 | Lair:2   | Found a staircase to the Swamp.
 16345 | Lair:2   | Found a staircase to the Snake Pit.
 16368 | Lair:2   | Reached skill level 5 in Maces & Flails
 16381 | Lair:2   | Reached skill level 12 in Fighting
 16856 | Lair:2   | Noticed a four-headed hydra
 16863 | Lair:2   | Killed a four-headed hydra
 17485 | Lair:2   | Noticed a seven-headed hydra
 17495 | Lair:2   | Killed a seven-headed hydra
 17928 | Lair:3   | Noticed a seven-headed hydra
 17932 | Lair:3   | Noticed a four-headed hydra
 17937 | Lair:3   | HP: 4/113 [seven-headed hydra (5)]
 17954 | Lair:3   | Gained mutation: Your skin changes colour to match your
                  | surroundings (Stealth+). [potion of mutation]
 17977 | Lair:3   | Reached XP level 13. HP: 49/119 MP: 13/13
 18317 | Lair:3   | Reached skill level 5 in Stealth
 19138 | Lair:4   | Reached skill level 1 in Evocations
 19851 | Lair:4   | Reached ***** piety under Trog
 20016 | Lair:4   | Noticed Rupert
 20022 | Lair:4   | Paralysed by Rupert for 2 turns
 20024 | Lair:4   | Killed Rupert
 20025 | Lair:4   | Reached skill level 13 in Fighting
 20998 | Lair:5   | Reached skill level 10 in Maces & Flails
 21502 | Lair:5   | Reached XP level 14. HP: 72/130 MP: 9/14
 21839 | Lair:5   | Found a staircase to the Slime Pits.
 22063 | Lair:5   | Reached skill level 14 in Fighting
 22656 | Lair:6   | Entered Level 6 of the Lair of Beasts
 22941 | Lair:6   | Killed from afar by a lindwurm

Illustrated notes

Levels and vault maps discovered:
D:1:      matt_arrival_spirals, layout_loops_ring,
          shapermc_ecumenical_altar_rom_forum, chequers_mini_garden
D:2:      layout_loops_ring, corner_web_ring, kennysheep_generic_room_5,
          uniq_jessica
D:3:      layout_basic
D:4:      layout_loops_cross
D:5:      layout_rooms, minivault_23
D:6:      layout_rooms
D:7:      layout_layer_cave, minmay_temple_entry_ruins
D:8:      layout_loops_corners, lair_entry_dummy, kennysheep_nub
D:9:      layout_gridville
D:10:     layout_basic, demons_altar, hangedman_feature_mirror, uniq_psyche,
          uniq_urug
D:11:     minmay_glassy_protrusions, layout_irregular_city, orc_0_dummy,
          lemuel_nasty_fountain, uniq_harold, uniq_nergalle
Lair:1:   layout_small_grid, grunt_forest_small_clearings, serial_bayou_shore_b
Lair:2:   cheibrodos_lair_river_kwai, layout_loops_ring,
          skrybe_swamp_entry_bodies, guppyfry_snake_entry_island,
          grunt_megastairs_2, serial_bayou_shore_b
Lair:3:   layout_concentric_octagons, serial_bayou_shore_a
Lair:4:   lemuel_reptile_caves, layout_regular_city, st_stairs_13, uniq_rupert
Lair:5:   layout_loops_ring, minmay_slime_entry_oklob_open, lemuel_fruit_fields,
          lemuel_fruit_tree
Lair:6:   gammafunk_lair_ancient_temple, layout_loops_ring,
          nicolae_lair_yak_garden

Skill      XL: |  1  2  3  4  5  6  7  8  9 10 11 12 13 14 |
---------------+-------------------------------------------+-----
Dodging        | 3 4 5 6 7 9 10 11 12 | 12.1
Fighting       | 4 5 6 7 8 9 11 12 13 14 | 14.3
Axes           | 4 5 6 8 10 11 | 11.7
Stealth        | 1 2 3 4 5 |  5.6
Shields        | 1 2 3 4 5 6 |  6.9
Maces & Flails | 2 7 10 11 | 11.2
Evocations     | 1 |  1.0

Action                   |  1- 3 |  4- 6 |  7- 9 | 10-12 | 13-15 || total
-------------------------+-------+-------+-------+-------+-------++-------
Melee: Hand axe          |   103 |   138 |    37 |       |       ||   278
       Tailslap          |    11 |    17 |    49 |    79 |    80 ||   236
       War axe           |       |       |   246 |   215 |       ||   461
       Broad axe         |       |       |       |    31 |       ||    31
       Eveningstar       |       |       |       |   209 |   394 ||   603
Invok: Berserk           |       |     4 |    10 |    19 |    12 ||    45
       Trog's Hand       |       |       |     3 |     3 |     4 ||    10
       Brothers in Arms  |       |       |       |     4 |     6 ||    10
 Abil: Breathe Frost     |       |       |     1 |     2 |     3 ||     6
Evoke: Wand              |       |       |     2 |    10 |       ||    12
       Phantom mirror    |       |       |       |     1 |       ||     1
  Use: Scroll            |       |     3 |     7 |     8 |     7 ||    25
       Potion            |       |       |     5 |     3 |     3 ||    11
 Stab: Sleeping          |       |     2 |     5 |     5 |     6 ||    18
       Distracted        |       |       |       |     2 |       ||     2
       Paralysed         |       |       |       |     6 |       ||     6
Armor: Skin              |    28 |    27 |   112 |   134 |    75 ||   376
Dodge: Dodged            |    66 |    79 |   248 |   357 |   258 ||  1008
Block: Buckler           |       |    39 |   116 |   164 |   142 ||   461

Table legend: (Time is in decaauts)
 A = Elapsed time spent in this place.
 B = Non-inter-level travel time spent in this place.
 C = Inter-level travel time spent in this place.
 D = Time resting spent in this place.
 E = Time spent auto-exploring this place.
 F = Levels seen in this place.
 G = Mean time per level.
                   A        B        C        D        E       F      G
               +--------+--------+--------+--------+--------+-----+--------+
         Total |  23425 |  22478 |    947 |   6111 |  13078 |  17 | 1377.9 |
       Dungeon |  14738 |  14019 |    719 |   3740 |   8402 |  11 | 1339.8 |
          Lair |   8687 |   8459 |    228 |   2371 |   4676 |   6 | 1447.8 |
               +--------+--------+--------+--------+--------+-----+--------+

Top non-repeatable levels by time:
  Lair:2: 2432 daAuts
    D:10: 2256 daAuts
  Lair:4: 2146 daAuts
     D:8: 1780 daAuts
  Lair:5: 1681 daAuts
     D:2: 1571 daAuts
     D:6: 1478 daAuts
  Lair:3: 1340 daAuts
     D:7: 1276 daAuts
     D:4: 1182 daAuts
    D:11: 1174 daAuts
     D:3: 1090 daAuts
     D:1: 1083 daAuts
  Lair:1: 962 daAuts
     D:9: 961 daAuts
